 Dungeon Crawl Stone Soup version 0.25.1-8-g42b30a86e7 (webtiles) character file.

Game seed: 1346268527297140731

181 Abzac the Skirmisher (level 5, 0/51 HPs)
             Began as a Hill Orc Monk on Dec 18, 2020.
             Slain by a hound (3 damage)
             ... in the Ecumenical Temple.
             The game lasted 00:07:09 (3639 turns).

Abzac the Skirmisher (Hill Orc Monk)                Turns: 3639, Time: 00:07:10

Health: 0/51       AC: 10    Str: 15    XL:     5   Next: 61%
Magic:  5/5        EV:  7    Int: 10    God:
Gold:   195        SH:  0    Dex: 13    Spells: 4/4 levels left

rFire    x . .     SeeInvis .   a - +0 hand axe
rCold    + . .     Gourm    .   (no shield)
rNeg     . . .     Faith    .   r - +0 chain mail
rPois    .         Spirit   .   v - +0 helmet
rElec    .         Reflect  .   (no cloak)
rCorr    .         Harm     .   g - +0 pair of gloves
MR       .....                  (no boots)
Stlth    ..........             (no amulet)
HPRegen  0.17/turn              j - ring of ice
MPRegen  0.09/turn              (no ring)

@: no status effects
A: no striking features
a: no special abilities


You were in the Ecumenical Temple.
You were not hungry.

You visited 2 branches of the dungeon, and saw 5 of its levels.

You collected 195 gold pieces.

Inventory:

Hand Weapons
 a - a +0 hand axe (weapon)
Armour
 b - a +0 robe
 g - a +0 pair of gloves (worn)
 r - a +0 chain mail (worn)
 v - a +0 helmet (worn)
Jewellery
 j - a ring of ice (left hand)
Wands
 h - a wand of paralysis (7)
 m - a wand of flame (21)
 o - a wand of polymorph (7)
Scrolls
 e - a scroll of teleportation {unknown}
 f - a scroll of magic mapping {unknown}
 i - a scroll of remove curse
 n - a scroll of immolation {unknown}
 p - a scroll of random uselessness {unknown}
 q - a scroll of fear {unknown}
 s - 2 scrolls of identify
 t - a scroll of noise {unknown}
Potions
 d - a potion of stabbing
Comestibles
 c - 5 rations


   Skills:
 * Level 6.4 Fighting
 - Level 5.0 Axes
 + Level 1.8 Armour
 - Level 2.4 Dodging
 - Level 1.5 Stealth


You had 4 spell levels left.
You didn't know any spells.
Your spell library was empty.

Dungeon Overview and Level Annotations

Branches:
Dungeon (4/15)             Temple (1/1) D:4

Altars:
Okawaru
Ru

Annotations:
D:2 Crazy Yiuf, Natasha
D:4 Pikel


Message History

You closely miss the hound.
The hound is heavily wounded.
The hound bites you but does no damage. The hound closely misses you.
You closely miss the hound.
The hound is heavily wounded.
The hound barely misses you.
You miss the hound.
The hound is heavily wounded.
The hound bites you but does no damage. x2
You hit the hound.
The hound is severely wounded.
The hound bites you.
* * * LOW HITPOINT WARNING * * *
Unknown command.
Unknown command.
A hound is nearby!
You hit the hound.
The hound is almost dead.
The hound bites you.
You die...

#####
##...+#
#.....#
#..@..#
#...h.#
##...+#
#####


You could see a hound.

Vanquished Creatures
  A hound (D:4)
  Natasha (D:2)
  Terence (D:3)
  4 adders
  An ooze (D:2)
  A worm (D:3)
  A dart slug (D:1)
  2 leopard geckos
  4 orcs
  6 giant cockroaches
  5 goblins
  7 hobgoblins
  3 jackals
  A ball python (D:1)
  3 bats
  A frilled lizard (D:1)
  6 kobolds
  3 rats
51 creatures vanquished.

Notes
Turn   | Place    | Note
-------+----------+-------------------------------------------
     0 | D:1      | Abzac the Hill Orc Monk began the quest for the Orb.
     0 | D:1      | Reached XP level 1. HP: 19/19 MP: 1/1
   189 | D:1      | Reached skill level 4 in Fighting
   196 | D:1      | Reached XP level 2. HP: 20/27 MP: 2/2
  1180 | D:2      | Reached XP level 3. HP: 33/34 MP: 3/3
  1216 | D:2      | Found a runed translucent door.
  1217 | D:2      | Noticed Crazy Yiuf
  1811 | D:2      | Reached skill level 5 in Fighting
  1901 | D:2      | Noticed Natasha
  1911 | D:2      | Killed Natasha
  1911 | D:2      | Reached skill level 5 in Axes
  1911 | D:2      | Reached XP level 4. HP: 27/42 MP: 4/4
  1918 | D:2      | Noticed Natasha
  2739 | D:3      | Found an iron altar of Okawaru.
  2875 | D:3      | Noticed Terence
  2900 | D:3      | HP: 1/42 [Terence/+0 hand axe (4)]
  2901 | D:3      | Killed Terence
  2901 | D:3      | Reached skill level 1 in Armour
  3286 | D:3      | Reached XP level 5. HP: 49/50 MP: 5/5
  3356 | D:3      | Reached skill level 6 in Fighting
  3498 | D:3      | Found a sacrificial altar of Ru.
  3530 | D:3      | Noticed a sky beast
  3614 | D:4      | Found a staircase to the Ecumenical Temple.
  3619 | D:4      | Noticed a slave
  3619 | D:4      | Noticed Pikel
  3620 | D:4      | Noticed a slave
  3623 | D:4      | Noticed a slave
  3624 | D:4      | Noticed a slave
  3627 | Temple   | Entered the Ecumenical Temple
  3638 | Temple   | HP: 2/51 [hound (4)]
  3639 | Temple   | Slain by a hound

Illustrated notes

Levels and vault maps discovered:
D:1:      minmay_arrival_arboretum_small, layout_basic
D:2:      layout_basic, nicolae_overflow_hidden_temple, uniq_natasha,
          uniq_crazy_yiuf_cottage
D:3:      layout_loops_corners, nicolae_ru_great_annihilating_truth,
          lemuel_round_altar, uniq_terence
D:4:      layout_basic, minmay_temple_entry_slanted, st_stairs_12,
          grunt_tough_drop, uniq_edmund, uniq_pikel, uniq_duvessa
Temple:   nicolae_temple_figure_eight

Skill      XL: |  1  2  3  4  5 |
---------------+----------------+-----
Fighting       | 4 5 6 |  6.4
Axes           | 5 |  5.0
Armour         | 1 |  1.8
Dodging        | |  2.4
Stealth        | |  1.5

Action                   |  1- 3 |  4- 6 || total
-------------------------+-------+-------++-------
Melee: Hand axe          |    94 |   150 ||   244
  Use: Scroll            |       |     4 ||     4
       Potion            |       |     1 ||     1
 Stab: Sleeping          |     3 |     1 ||     4
       Paralysed         |       |     4 ||     4
  Eat: Chunk             |     3 |     2 ||     5
       Ration            |       |     1 ||     1
Armor: Robe              |    13 |     5 ||    18
       Chain mail        |       |    64 ||    64
       Skin              |       |    26 ||    26
Dodge: Dodged            |    70 |    58 ||   128
